[Event "Benidorm Open-A 2022"]
[Site "Benidorm"]
[Date "2022.12.10"]
[Round "9.14"]
[White "Arjun C Krishnamachari"]
[Black "Rodriguez Melendez, Juan Humbert"]
[Result "1/2-1/2"]
[ECO "B22"]
[WhiteElo "2241"]
[BlackElo "2157"]
[Annotator "TA"]
[PlyCount "153"]
[EventDate "2022.12.03"]
[EventType "swiss"]
[EventCountry "ESP"]
[SourceTitle "playchess.com"]
[Source "ChessBase"]
[SourceQuality "1"]
[TimeControl "5400+30"]

1. e4 c5 2. c3 Nf6 3. e5 Nd5 4. d4 cxd4 5. Nf3 e6 6. cxd4 d6 7. Bc4 Be7 8. O-O {B22: Sicilian: 2 c3.} O-O 9. Qe2 Bd7 10. Nc3 {White has an edge.} Nxc3 11. bxc3 Bc6 12. Rd1 (12. exd6 $14 Bxd6 13. Ne5) 12... Nd7 {[#]} 13. d5 $146 ({Predecessor:} 13. exd6 Bxd6 14. Bd3 h6 15. c4 Re8 16. Bc2 Qf6 17. Be4 Rac8 18. Bxc6 Rxc6 19. Bb2 {1-0 (40) Tregubov,P (2541)-Rustemov,A (2525) Chess.com INT 2022}) 13... exd5 14. Bxd5 Bxd5 15. Rxd5 Nb6 16. Rd1 Qc7 17. Bf4 Nc4 18. exd6 (18. Rd4 {is interesting.} Nxe5 19. Nxe5 Qxc3 20. Rdd1) 18... Bxd6 19. Rd4 Bxf4 20. Rxc4 Qb8 21. Rb1 Re8 {Prevents Qe4.} 22. Re4 {Black must now prevent g3.} b6 23. g3 Bd6 24. Rd1 {[%cal Od1d6] Strongly threatening Rxd6!} Rd8 25. Red4 Qc7 26. Qe4 Bc5 $2 {[%mdl 8192] [#]} (26... Re8 $11 {and Black stays safe.} 27. Qd3 Be7) 27. Rd5 $2 (27. Ng5 $1 $18 g6 28. Ne6 $1 fxe6 29. Qxe6+ Kg7 30. Rd7+ Rxd7 31. Rxd7+ Qxd7 32. Qxd7+ Kh8 33. Kg2) 27... Rxd5 28. Rxd5 (28. Qxd5 {simplifies} Re8 29. Qd7 Qxd7 30. Rxd7 a5 31. Kf1) 28... Rf8 29. Ng5 g6 30. Qh4 h5 31. Qe4 Qe7 32. Kg2 Re8 33. Qf3 Kg7 34. h4 Qf6 35. Ne4 (35. a4 {feels hotter.} Re7 36. a5 Qxf3+ 37. Kxf3 Rc7 38. Ne4) 35... Qxf3+ 36. Kxf3 $11 {[%mdl 4096] Endgame KRB-KRN} Ba3 37. c4 Re7 38. Rd3 Bb2 39. Rd8 Be5 40. Rd5 Bb2 41. c5 bxc5 42. Rxc5 Bd4 43. Rd5 Bb6 44. a4 a6 45. Rd6 Re6 46. Rxe6 fxe6 {KB-KN} 47. Ke2 Kf8 48. Kd3 Ke7 49. f3 Kd7 50. g4 Kc6 51. Kc4 Bd8 52. g5 Bb6 {Inhibits Nc5.} 53. Kb4 $2 {[%mdl 8192] [#]} (53. Ng3 $11) 53... Kd5 $1 $19 54. Nf6+ {[#]} Kd4 $1 55. f4 $2 (55. Ne4) 55... Bc7 56. Nxh5 Ke4 $2 ({Stronger than} 56... gxh5 57. g6 Bd6+ 58. Ka5 $11) ({Better is} 56... e5 $19 57. Nf6 (57. fxe5 $2 gxh5 58. g6 Bxe5 $19) 57... exf4) 57. Ng7 $11 {And now h5 would win.} Bxf4 58. Nxe6 {The position is equal.} (58. Ka5 $5 Be5 $8 59. Nxe6 $11) 58... Bd2+ 59. Kc5 Kf5 60. Nd4+ Kg4 61. Kc6 Be3 62. Ne6 Kxh4 63. Kb7 a5 64. Ka6 Bd2 65. Kb5 Kg4 66. Nd4 Be1 (66... Kxg5 $2 67. Nf3+ Kf4 68. Nxd2 $18) 67. Nb3 Kxg5 {...Kf4 is the strong threat.} 68. Nxa5 Kf5 69. Nc4 g5 70. a5 {aiming for a6.} Bxa5 71. Kxa5 {KN-KP} Kf4 72. Nb2 $1 g4 {( -> ...Ke4)} 73. Nd3+ Ke3 74. Ne1 g3 75. Ng2+ Kf2 76. Nh4 g2 77. Nxg2 $1 {Weighted Error Value: White=0.34/Black=0.25 (precise)} 1/2-1/2

[Event "Benidorm Open-A 2022"]
[Site "Benidorm"]
[Date "2022.12.10"]
[Round "9.15"]
[White "Panjer, Sidney"]
[Black "Ilinca Ilinca, Felix Antonio"]
[Result "0-1"]
[ECO "A35"]
[WhiteElo "2115"]
[BlackElo "2233"]
[Annotator "TA"]
[PlyCount "88"]
[EventDate "2022.12.03"]
[EventType "swiss"]
[EventCountry "ESP"]
[SourceTitle "playchess.com"]
[Source "ChessBase"]
[SourceQuality "1"]
[TimeControl "5400+30"]

1. Nf3 c5 2. c4 Nc6 3. Nc3 Nf6 4. g3 e6 5. Bg2 d5 6. d4 dxc4 7. Qa4 {A34: Symmetrical English: 2 Nc3, lines with ...d5.} cxd4 8. Nxd4 {[%mdl 64] [#]} Qxd4 9. Bxc6+ {The position is equal.} Bd7 $1 10. Bxd7+ Qxd7 11. Qxc4 Rc8 12. Qf4 {[#]} Bd6 $146 ({Predecessor:} 12... Be7 13. Be3 a6 14. O-O O-O 15. Rfd1 Qc6 16. Rac1 Rfd8 17. Bd4 h6 18. h3 Nd5 {½-½ (30) Bente,B (2296)-Atri,J (2009) Hamburg 2015}) 13. Qf3 ({White should try} 13. Qd4 $11) 13... Bb4 14. Bd2 $1 O-O (14... Qc6 {simplifies} 15. Qxc6+ Rxc6 16. f3 Ke7) 15. Rd1 $1 Rfd8 {Strongly threatening ...Bxc3.} (15... Qc6 {simplifies} 16. Qxc6 Rxc6 17. O-O Rfc8) 16. O-O Bxc3 17. Bxc3 Qxd1 18. Rxd1 Rxd1+ 19. Kg2 Nd5 20. e3 Nxc3 21. Qxb7 {[#]} Rdd8 22. bxc3 Rxc3 23. Qxa7 $11 {[%mdl 4096] Endgame KQ-KRR} Rcc8 24. a4 Ra8 25. Qc7 Rd5 26. h4 h5 (26... Rxa4 $2 {is a self mate.} 27. Qc8+) 27. Qf4 (27. Qc4 $11) 27... Rda5 $17 {Black is more active.} 28. Qf3 g6 (28... Rxa4 29. Qxh5 Rb8 30. Qe5 $11) 29. Qf6 {[%cal Og3g4] White is on the road to losing.} Rxa4 30. Kg1 (30. Qc3 $17) 30... R8a5 (30... Rc4 $19 {Threatens to win with ...Ra2.} 31. Qb2 Rac8) 31. e4 $2 (31. Kg2 $17) 31... Rc5 $19 ({Much less strong is} 31... Rxe4 32. Qd8+ Kh7 33. Qxa5 $18) 32. Qf4 e5 33. Qf3 (33. Qd2 Rxe4 34. Kg2) 33... Rcc4 (33... Ra1+ $142 34. Kg2 Rc2) 34. Kg2 (34. Qb3 $142 Rxe4 35. Kg2) 34... Rxe4 (34... Rc2 $142 35. g4 hxg4 36. Qxg4 Raa2) 35. Qb3 Rad4 36. Kf3 Re1 {Against Qb1. ...Rd2 is the strong threat.} 37. Qc3 {Against Rd2} Red1 38. Qc8+ Kg7 {aiming for ...R1d3+.} 39. Qe8 $2 (39. Qc7) 39... Re1 40. Qb5 Rd6 {Hoping for ...Rd2.} 41. Kg2 (41. Qb2 $142) 41... Rd2 {( -> ...Ree2)} 42. Kf3 {Against Ree2} e4+ {[%cal Be5e4,Be4e3][%mdl 32] Black mates.} 43. Kg2 e3 44. Qe5+ Kh7 {Weighted Error Value: White=1.01/Black=0.48} 0-1

[Event "Benidorm Open-A 2022"]
[Site "Benidorm"]
[Date "2022.12.10"]
[Round "9.16"]
[White "Lohia, Sohum"]
[Black "Fernandez Garcia, Gumersindo"]
[Result "0-1"]
[ECO "C41"]
[WhiteElo "2136"]
[BlackElo "2172"]
[Annotator "TA"]
[PlyCount "75"]
[EventDate "2022.12.03"]
[EventType "swiss"]
[EventCountry "ESP"]
[SourceTitle "playchess.com"]
[Source "ChessBase"]
[SourceQuality "1"]
[TimeControl "5400+30"]

1. e4 d6 2. d4 Nf6 3. Nc3 e5 4. Nf3 Nbd7 5. Bc4 Be7 6. O-O O-O 7. h3 c6 8. a4 h6 9. Re1 Re8 10. Be3 Qc7 11. Bb3 Bf8 {C41: Philidor Defence.} 12. Qd2 exd4 13. Bxd4 Ne5 {The position is equal.} 14. Qf4 {[#]} (14. Nh2 {simplifies} Be6 15. Bxe6 Rxe6 16. f4) 14... c5 $146 ({Predecessor:} 14... Be6 15. Nxe5 Bxb3 16. Nxc6 bxc6 17. cxb3 Nd7 18. b4 Ne5 19. Qd2 Rab8 20. b5 Nc4 {1-0 (44) Chitlange,S (2167)-Petrova,I (2110) Chess.com INT 2021}) 15. Nb5 Qb8 16. Bxe5 $1 dxe5 17. Qe3 Bd7 18. Nc3 Qc8 19. Nd5 c4 {Hoping for ...Nxd5.} 20. Nxf6+ gxf6 21. Ba2 Be6 22. c3 Kh7 23. Nh4 (23. Qe2 $5 ) 23... Bc5 24. Qf3 Rg8 ({Black should play} 24... Qd7 $15) 25. Nf5 (25. Rad1 $11) 25... Rg5 (25... Qd7 $15) 26. Bb1 Qc6 $36 {[%mdl 2048] Black has good play.} 27. Kf1 (27. h4 $11 Rg6 28. Kf1) 27... Rd8 {Black is more active.} (27... Rag8 $17 28. Nh4 Qb6) 28. Ke2 $2 (28. h4 $11 Rg6 29. Bc2) 28... Qb6 29. b4 (29. Kf1 $142 Bxf5 30. a5) 29... cxb3 $19 30. Bd3 b2 31. Rad1 Qb3 {[%cal Og5f5] Strongly threatening ...Rxf5!} 32. h4 {[#]} Rg6 (32... Rxf5 $142 $1 33. exf5 Bc4 34. Qh5 Bxd3+ 35. Kf3 Qd5+ 36. Kg3 Rg8+ 37. Qg6+ fxg6 38. f3 Qa2 $1 39. Kh3 gxf5 40. g4 b1=Q 41. Rxb1 Bxb1 42. h5 fxg4+ 43. fxg4 Rxg4 $3 44. Rg1 Rxg1 45. c4 Qg2+ 46. Kh4 Qh2#) 33. h5 Rg5 {[%cal Od8d3] And now ...Rxd3! would win.} 34. Ne3 Bxe3 35. Qxe3 Qxc3 {...Qb3 is the strong threat.} 36. Bb5 Qc2+ 37. Rd2 Rxd2+ (37... Bg4+ $142 38. Kf1 Rxd2 39. Bc4 b1=Q 40. Kg1 {[#]} Qxe1+ $3 41. Qxe1 Rd1 42. g3 Rxe1+ 43. Bf1 Rxh5 44. a5 Bf3 45. g4 Rh1#) 38. Qxd2 {Weighted Error Value: White=1.42/Black=0.59} 0-1

[Event "Benidorm Open-A 2022"]
[Site "Benidorm"]
[Date "2022.12.10"]
[Round "9.17"]
[White "Nurgaliyev, Sauat"]
[Black "Garcia Callejo, Jesus"]
[Result "1-0"]
[ECO "B12"]
[WhiteElo "2113"]
[BlackElo "2140"]
[Annotator "TA"]
[PlyCount "105"]
[EventDate "2022.12.03"]
[EventType "swiss"]
[EventCountry "ESP"]
[SourceTitle "playchess.com"]
[Source "ChessBase"]
[SourceQuality "1"]
[TimeControl "5400+30"]

1. e4 c6 2. d4 d5 3. e5 c5 4. dxc5 Nc6 5. Nf3 Bg4 6. Bb5 Qa5+ 7. Nc3 {B12: Caro-Kann: Advance Variation.} O-O-O $2 (7... e6 $11) 8. Bxc6 $16 bxc6 {[#]} 9. a3 $146 {Against d4. White is clearly better.} ({Predecessor:} 9. O-O e6 10. Bg5 f6 11. exf6 gxf6 12. Qd4 Bxf3 13. b4 Qc7 14. gxf3 fxg5 15. Qxh8 {0-1 (30) Marholev,D (2268)-Drazic,S (2438) Novi Sad 2015}) 9... Qxc5 10. Be3 {Against d4} d4 11. Bxd4 Qc4 {[#] White must now prevent ...c5.} 12. b3 $36 {[%cal Bb2b3,Bb3c4,Bc4c5,Bc5d6][%mdl 2080] Against c5. Black is under strong pressure.} Bxf3 (12... Qa6 $16) 13. bxc4 $18 Bxd1 14. Rxd1 e6 15. Ne4 {Inhibits c5.} Nh6 16. c5 (16. Bxa7 $6 Rxd1+ 17. Kxd1 Be7) 16... Nf5 17. c3 h5 18. Ke2 Be7 (18... f6 {might work better.} 19. f4 (19. exf6 Nxd4+ 20. cxd4 gxf6 $16) 19... Nxd4+ 20. Rxd4 (20. cxd4 Kc7 $16) 20... Rxd4 21. cxd4 Kc7) 19. Nd6+ Bxd6 20. cxd6 Kd7 21. Rb1 ({But not} 21. Bxa7 $6 Ra8 $16) 21... Rb8 {Prevents Rb7+.} 22. Bxa7 Rb5 23. Rxb5 cxb5 {[%mdl 4096] Endgame KRB-KRN} 24. Bc5 f6 25. exf6 gxf6 26. Rd1 Rg8 27. g3 Rc8 28. Bb4 Rc4 29. f3 Rc8 30. Rd3 Rg8 31. Kd2 h4 (31... Rf8 $142 32. Kc2 Rg8) 32. g4 Nh6 33. h3 Nf7 34. f4 {Prevents Ne5.} Rc8 (34... Nd8 $142 35. Kc2 Nf7) 35. Ke3 Rc4 36. Rd4 {[#] aiming for Rxc4.} Rc8 37. g5 f5 (37... e5 38. fxe5 fxg5) 38. Rd1 Nh8 39. g6 Nxg6 $2 (39... Rg8 40. Kd4 Nxg6) 40. Rg1 Rg8 41. Kd4 Kc6 42. Bc5 Rg7 43. c4 bxc4 44. Kxc4 e5 45. Rb1 {Threatening mate with Rb6+.} Rb7 {Prevents Rb6+.} 46. d7 Rxd7 47. Rb6+ Kc7 48. Rxg6 exf4 49. Rf6 Rg7 50. Kd5 (50. a4 $142 Rg3 51. a5 Rg8 52. Rxf5 Ra8 53. Rf7+ Kc6 54. Rf6+ Kc7 55. a6) 50... Rg3 51. Rf7+ {White mates.} Kd8 52. Kc6 Rg6+ 53. Bd6 {Weighted Error Value: White=0.16 (very precise) /Black=0.51} 1-0

[Event "Benidorm Open-A 2022"]
[Site "Benidorm"]
[Date "2022.12.10"]
[Round "9.18"]
[White "Sarveshwaran V"]
[Black "Roe, Simon J"]
[Result "1-0"]
[ECO "B03"]
[WhiteElo "2040"]
[BlackElo "2146"]
[Annotator "TA"]
[PlyCount "59"]
[EventDate "2022.12.03"]
[EventType "swiss"]
[EventCountry "ESP"]
[SourceTitle "playchess.com"]
[Source "ChessBase"]
[SourceQuality "1"]
[TimeControl "5400+30"]

1. e4 Nf6 2. e5 Nd5 3. d4 d6 4. c4 Nb6 5. exd6 cxd6 6. Nc3 g6 7. Be3 Bg7 8. h3 O-O 9. Nf3 Bf5 10. Be2 Nc6 11. O-O d5 12. b3 {[%cal Bb2b3,Bb3c4,Bc4c5][%mdl 32] B04: Alekhine's Defence: 4 Nf3.} dxc4 13. bxc4 Na5 (13... e5 $11 14. d5 Na5) 14. c5 $1 $14 {White is slightly better.} Nbc4 15. Bf4 {[#]} Rc8 $146 ({Predecessor:} 15... b6 16. Qa4 Bd7 17. Qb4 bxc5 18. dxc5 e5 19. Bg5 Qb8 20. a3 Be6 21. Rac1 Nc6 {1-0 (53) Pechen,Y (2763)-Grunberg,M (2401) Chess.com INT 2020}) 16. Bxc4 Nxc4 17. Qe2 {Prevents b6.} Na5 18. Rfd1 Nc6 19. Rac1 Qa5 (19... Nxd4 $2 20. Nxd4 Bxd4 21. Nb5 $18) 20. Qe3 Rfe8 (20... Rfd8 $14) 21. Bh6 Bh8 22. d5 (22. g4 $16 Bd7 23. Rb1) 22... Nb4 $11 23. Nd4 {Black must now prevent Nxf5.} Bd7 {[#]} (23... Qxc5 $15 {keeps the upper hand.} 24. Nce2 Qxd5) 24. a3 $1 $36 {[%mdl 2048] Black is under strong pressure.} Na6 25. c6 bxc6 26. dxc6 {[%mdl 64] Remove Defender} Bxc6 (26... Rxc6 27. Nxc6 Bxc6) 27. Nxc6 {[%mdl 64] Discovered Attack, Remove Defender} Rxc6 {[#]} 28. Nd5 $1 {[%mdl 64] Discovered Attack} Rxc1 29. Nxe7+ Rxe7 30. Rxc1 {Weighted Error Value: White=0.18 (very precise) /Black=0.33} 1-0

[Event "Benidorm Open-A 2022"]
[Site "Benidorm"]
[Date "2022.12.10"]
[Round "9.19"]
[White "Achuthan, Dylan"]
[Black "Plaskett, H James"]
[Result "0-1"]
[ECO "B08"]
[WhiteElo "2050"]
[BlackElo "2365"]
[Annotator "TA"]
[PlyCount "126"]
[EventDate "2022.12.03"]
[EventType "swiss"]
[EventCountry "ESP"]
[SourceTitle "playchess.com"]
[Source "ChessBase"]
[SourceQuality "1"]
[TimeControl "5400+30"]

1. e4 d6 2. d4 g6 3. Nc3 Bg7 4. Nf3 Nf6 5. Be2 O-O 6. O-O Bg4 7. Be3 Nc6 8. d5 Bxf3 9. Bxf3 Ne5 10. Be2 c6 11. f4 {11.a4 injects fresh life into this line.} Ned7 12. Bf3 {was the old line (12.dxc6).} Nb6 {B08: Pirc Defence: Classical System.} 13. Bd4 Qc7 14. g4 {[%cal Bg2g4,Bg4g5][%mdl 32] [#]} e5 $146 {The position is equal.} ({Predecessor:} 14... c5 15. Bf2 a6 16. Qe2 Nfd7 17. Kg2 e6 18. Rad1 exd5 19. Nxd5 Nxd5 20. Rxd5 Nb6 {½-½ (50) Himanshu,S (2391)-Li,S (2510) Hyderabad 2005}) 15. dxe6 fxe6 16. g5 {Prevents d5.} Ne8 17. Bg4 Bxd4+ 18. Qxd4 Ng7 19. Rad1 Rad8 20. a4 Rxf4 21. Rxf4 $14 e5 {Against a5} 22. Qd3 exf4 23. a5 Na8 24. Qc4+ Kh8 25. Qd4 Kg8 (25... Qxa5 $11 26. Qf6 Kg8) 26. Qc4+ (26. Qxa7 $16 {Strongly threatening Rd3.} Qe7 27. Kh1 Qxg5 28. Be2) 26... Qf7 27. Qxf7+ Kxf7 28. Rf1 Ne6 29. Bxe6+ Kxe6 30. Rxf4 $11 {[%mdl 4096] Endgame KRN-KRN} Nc7 31. Rf6+ Ke7 32. h4 Ne6 33. Kf2 (33. Ne2 $1 $11) 33... Nd4 $17 {White is on the road to losing.} 34. h5 Rg8 ({Of course not} 34... Nxc2 $6 35. hxg6 hxg6 36. Rxg6 $11) 35. hxg6 ({Better is} 35. Ke3 Ne6 36. Ne2) 35... Rxg6 36. Rxg6 (36. Ne2 $17 Nxc2 37. Rf5) 36... hxg6 {KN-KN} 37. Ne2 Nxc2 38. Kf3 Kf7 39. Kf4 a6 40. Nc3 Nd4 41. Na4 Nb3 42. e5 d5 (42... Nxa5 $2 {is the wrong capture.} 43. exd6 Nc4 44. d7 $19) 43. Nb6 Ke6 44. Na4 c5 45. Nb6 Nxa5 46. Na8 d4 47. Nc7+ Kd7 48. Nd5 Ke6 49. Nc7+ Kd7 50. Nd5 Nc6 51. Ke4 c4 {[#] Hoping for ...b5.} 52. Nf4 (52. Nb6+ $142 Ke6 53. Nxc4) 52... c3 $19 {Black is clearly winning.} 53. bxc3 dxc3 54. e6+ Kd6 55. Kd3 Ne7 56. Kxc3 b6 57. Kd4 a5 58. Kc4 Ke5 59. Nd3+ Kxe6 60. Kb5 Nc8 61. Kc6 Kf5 62. Kc7 Ke4 63. Nb2 {[#]} b5 $1 {Weighted Error Value: White=0.50/Black=0.33} 0-1

[Event "Benidorm Open-A 2022"]
[Site "Benidorm"]
[Date "2022.12.10"]
[Round "9.20"]
[White "Cabezas Ayala, Ivan"]
[Black "Gil Lopez, Alejandro"]
[Result "1-0"]
[ECO "B75"]
[WhiteElo "2259"]
[BlackElo "2041"]
[Annotator "TA"]
[PlyCount "141"]
[EventDate "2022.12.03"]
[EventType "swiss"]
[EventCountry "ESP"]
[SourceTitle "playchess.com"]
[Source "ChessBase"]
[SourceQuality "1"]
[TimeControl "5400+30"]

1. e4 c5 2. Nf3 g6 3. d4 cxd4 4. Nxd4 Nf6 5. Nc3 d6 6. Be3 Bg7 7. f3 Nc6 8. Qd2 d5 (8... O-O $14) 9. Bb5 $16 {B75: Sicilian Dragon: Yugoslav Attack, Miscellaneous.} Bd7 10. exd5 {[#]} Na5 $146 ({Better is} 10... Nxd4 11. Bxd4 (11. Bxd7+ Qxd7 12. Bxd4 O-O $16) 11... O-O) ({Predecessor:} 10... Nxd4 11. Bxd7+ Qxd7 12. Bxd4 O-O 13. O-O-O Rfc8 14. Rhe1 b5 15. Be5 b4 16. Ne4 a5 {1-0 (30) Londono Lopez,D (2070)-Rodriguez Valencia,S (1786) Barranquilla 2022}) 11. Be2 {White is more active. White is clearly better.} Rc8 12. Nb3 O-O 13. O-O Nc4 14. Bxc4 Rxc4 15. Rad1 (15. Bxa7 $142 {Strongly threatening Bd4.} Ne8 16. Rad1) 15... b5 16. Bxa7 (16. a3 $16) 16... b4 $11 17. Nb1 Qc7 (17... Qa8 $5 18. Bb6 (18. Bc5 Rc8 $17) 18... Rb8 $11) 18. Bd4 (18. Be3 {simplifies} Ra8 19. c3 Rxa2 20. Nc1) 18... Rxc2 (18... Nxd5 $2 19. Bxg7 Kxg7 20. Qxd5 $18) (18... Ra8 $5 ) 19. Rc1 $36 {[%mdl 2048] White has some pressure.} Rc8 (19... Rxc1 {simplifies} 20. Rxc1 Qd6 21. Bc5 Qa6) 20. d6 (20. Rxc2 {simplifies} Qxc2 21. d6 Qxd2 22. N1xd2 exd6 23. Rc1) 20... exd6 (20... Qxd6 $2 21. Rxc2 Ra8 22. Rd1 $18) 21. Qxb4 Nd5 22. Rxc2 $1 Nxb4 (22... Qxc2 $5 23. Qxd6 Bxd4+ 24. Nxd4 Qd3 25. Qxd7 (25. Qxd5 $2 {perishes.} Qe3+ 26. Kh1 Rc1 $19) 25... Qe3+ 26. Kh1 Rc1 $11) 23. Rxc7 Rxc7 24. Nc3 Be6 (24... Nd3 $14) 25. Bxg7 $16 Kxg7 26. Nc1 $1 Nd5 27. N1e2 Nb4 28. Rd1 ({White should try} 28. b3 $16) 28... Nxa2 $14 29. Nxa2 Bxa2 {[%mdl 4096] Endgame KRB-KRN} 30. Nc3 Be6 31. Rxd6 Rb7 32. Rd2 Rb4 33. Kf2 Kf6 34. Ne4+ Kg7 35. Nc5 Bf5 36. g4 Bb1 37. b3 Rb5 {[#]} (37... g5 $16 {was worth a try.}) 38. Rb2 $1 $18 {Hoping for b4.} Rxc5 39. Rxb1 {KR-KR} Kf6 40. b4 Rb5 41. Ke3 Ke5 {[#]} 42. Kd3 $1 Kd5 43. Kc3 Kc6 44. Kc4 Re5 45. Ra1 Kb6 46. Rd1 Kc6 {Inhibits Rd6+.} (46... h5 $16 47. Rd6+ Kc7) 47. Rd4 g5 $2 (47... f5 48. Rf4 fxg4) 48. Re4 Rd5 49. Re7 {[%cal Oe7c7] And now Rc7+! would win.} Rd2 50. Rxf7 Rxh2 $2 (50... Rc2+ 51. Kd4 Rd2+ 52. Ke4 Rxh2 53. Rf6+ Kc7) 51. Rf6+ Kc7 52. Rf5 h6 (52... h5 $142 53. Rxg5 h4) 53. Kb5 Re2 54. Rf7+ Kc8 55. Rf6 Re8 56. Rxh6 {Intending Kb6 and mate.} Rf8 57. Kc6 Kb8 58. b5 (58. Rg6 $142 Rxf3 59. b5 Rf8 60. Rxg5 Rf6+ 61. Kc5 Rf7 62. Rd5 Rf6 63. g5) 58... Rc8+ 59. Kb6 {White mates.} Rf8 60. Rg6 Kc8 61. Rxg5 Rf6+ 62. Ka7 Rf7+ 63. Ka8 Rxf3 64. Rc5+ Kd7 65. Kb7 Kd6 66. Rc6+ Kd7 67. Rc1 Rd3 68. b6 Rd5 69. Rc4 Rd2 70. Kb8 Rb2 71. b7 {Weighted Error Value: White=0.19 (very precise) /Black=0.46} 1-0

[Event "Benidorm Open-A 2022"]
[Site "Benidorm"]
[Date "2022.12.10"]
[Round "9.21"]
[White "Sanroman Costas, Mauro"]
[Black "Hiren K G"]
[Result "1-0"]
[ECO "B20"]
[WhiteElo "2123"]
[BlackElo "1965"]
[Annotator "TA"]
[PlyCount "119"]
[EventDate "2022.12.03"]
[EventType "swiss"]
[EventCountry "ESP"]
[SourceTitle "playchess.com"]
[Source "ChessBase"]
[SourceQuality "1"]
[TimeControl "5400+30"]

1. e4 c5 2. a3 g6 3. b4 Bg7 4. Nc3 Nf6 5. Rb1 d6 ({Black should try} 5... d5 $15) 6. g3 {B20: Sicilian: Unusual White 2nd moves.} Nc6 7. Bg2 O-O 8. Nge2 {The position is equal.} e5 9. O-O Nd4 {[#]} 10. bxc5 $146 ({Predecessor:} 10. d3 h6 11. f4 cxb4 12. Rxb4 Qc7 13. Rc4 Nxe2+ 14. Qxe2 Qa5 15. fxe5 dxe5 16. Nd5 Nxd5 17. exd5 {½-½ (42) Polishchuk,K (2151)-Hague,B (2399) Tauranga 2020}) 10... dxc5 11. Nxd4 cxd4 12. Ne2 d3 13. cxd3 Qxd3 14. Nc3 (14. Rb3 $5 Qd6 15. f4 $11) 14... Rd8 $36 {[%mdl 2048] White is under pressure.} 15. Bf3 Bh6 16. Be2 Qd4 (16... Qd6 {simplifies} 17. d4 Bxc1 18. dxe5 Qxd1 19. Rxd1 Rxd1+ 20. Nxd1 Bxa3 21. exf6 b6) 17. Rb4 (17. d3 {looks sharper.} Qxc3 18. Bxh6 Nxe4 19. Qc1) 17... Qc5 18. Rb5 Qd4 ({Better is} 18... Qc7 $15) 19. Rb4 $11 Qc5 ({Black should play} 19... Qd6 $11) 20. Rb5 $17 Qc7 21. d3 Bxc1 22. Qxc1 Bh3 23. Nd5 Nxd5 24. Rxd5 Qe7 (24... Qb6 {with more complications.} 25. Rd1 Rxd5 26. exd5 Rc8) 25. Rxd8+ Rxd8 26. Rd1 Kg7 (26... Rd4 $17) 27. Qb2 Rd4 28. Rc1 b6 29. Rc3 h5 30. Qc1 Bg4 31. Bf1 (31. f3 $5 Be6 32. Rc7 $11) 31... a5 (31... Ra4 {seems wilder.} 32. Rc7 Qd6 33. Rc6 Qd7) 32. Qb2 Qe6 {Against h3} 33. Rb3 Rd6 34. f4 f6 35. Rb5 exf4 36. gxf4 Bh3 $2 {[%mdl 8192] White now steadily converts the win.} (36... Rc6 $11 {and Black is okay.}) 37. f5 $1 $18 gxf5 (37... Bxf5 38. exf5 Qe3+ 39. Qf2 Qg5+ 40. Qg2 Qxg2+ 41. Kxg2 g5) 38. Bxh3 Rxd3 39. Rxb6 ({Stronger than} 39. Bxf5 Rd1+ 40. Kg2 Qd6 $17) 39... Rd1+ 40. Bf1 Qe7 41. exf5 Qe3+ 42. Qf2 Qg5+ 43. Kh1 Rd2 44. Qg3 Qxg3 45. hxg3 {[%mdl 4096] Endgame KRB-KR} Rf2 46. Kg1 Rxf5 47. Rb5 Rf3 48. Rxa5 ({Weaker is} 48. Rxh5 Rxg3+ 49. Kh2 Rxa3 $11) 48... Rxg3+ 49. Kf2 h4 50. a4 {[%cal Ba3a4,Ba4a5,Ba5a6,Ba6a7][%mdl 32] [#] Hoping for Ra7+.} Ra3 51. Kg2 Kg6 52. Ra8 {a5 is the strong threat.} Kg5 53. a5 Ra2+ 54. Kg1 (54. Kh3 $142 Ra3+ 55. Kh2) 54... Kf4 55. a6 f5 56. Rg8 {[#] Threatening mate with Rg7.} Ra1 57. Rg7 {Intending a7 and mate.} Kf3 58. a7 {White mates.} h3 59. Kh2 f4 60. Bxh3 {Weighted Error Value: White=0.28 (precise) /Black=0.37} 1-0

[Event "Benidorm Open-A 2022"]
[Site "Benidorm"]
[Date "2022.12.10"]
[Round "9.22"]
[White "Sanchez Manzanares, Jorge Luis"]
[Black "Levi, Netanel"]
[Result "0-1"]
[ECO "E62"]
[WhiteElo "2095"]
[BlackElo "2179"]
[Annotator "TA"]
[PlyCount "66"]
[EventDate "2022.12.03"]
[EventType "swiss"]
[EventCountry "ESP"]
[SourceTitle "playchess.com"]
[Source "ChessBase"]
[SourceQuality "1"]
[TimeControl "5400+30"]

1. Nf3 d6 2. g3 g6 3. Bg2 Bg7 4. d4 Nf6 5. O-O O-O 6. c4 Nc6 7. Nc3 e5 8. d5 Nb8 $1 {[%cal Bc6b8,Bb8a6,Ba6c5][%mdl 4] is more profitable than 8...Ne7 at the moment.} 9. h3 {E62: King's Indian: Fianchetto: 6...c6 and Panno Variation (6...Nc6) without ...a6.} a5 10. e4 Na6 {[#]} 11. g4 $146 {The position is equal.} ({Predecessor:} 11. Be3 Nd7 12. Ne1 Ndc5 13. a3 Bd7 14. b3 f5 15. exf5 gxf5 16. Rb1 f4 17. Bxc5 Nxc5 18. b4 axb4 19. axb4 {1-0 (56) Vidit,S (2727)-Blohberger,F (2503) Warsaw 2021}) 11... Nc5 12. Ne1 ({Reject} 12. Bg5 h6 13. Bxf6 Qxf6 $17) 12... h5 13. f3 Nh7 {Against Bg5} 14. Be3 (14. Nd3 $11) 14... b6 $15 15. Nd3 Qh4 (15... f5 $15) 16. Nxc5 $11 bxc5 17. Qd2 (17. Nb5 $5 ) 17... f5 18. Bf2 Qf6 19. gxh5 f4 20. hxg6 (20. a3 $11) 20... Qxg6 $17 {And now ...Ng5 would win.} 21. Kh2 (21. h4 $142) 21... Ng5 {Black is more active.} (21... Bf6 $17 {Strongly threatening ...Kf7.} 22. Rh1 Rf7) 22. Bh4 $2 {Now White is beyond hope.} (22. h4 $15 Qh5 23. Qe2) 22... Kf7 $1 $19 23. Rh1 Rh8 24. Bxg5 Qxg5 25. Kg1 Bxh3 26. Kf1 Qg3 27. Qf2 {[#]} (27. Rxh3 Rxh3 28. Bxh3 Qxf3+ 29. Kg1 Qxh3 30. Qh2 Qg4+ 31. Qg2) 27... Bxg2+ $1 {Black is clearly winning.} 28. Qxg2 {[#]} Rxh1+ $1 29. Qxh1 Rh8 {Against Qh5+} 30. Qg2 Rh2 31. Qxg3 fxg3 32. Kg1 {Inhibits Rh1+.} Bh6 {( -> ...Be3+)} (32... Rxb2 $2 {loses.} 33. Re1 Rc2 34. Ne2 Rxa2 35. Nxg3 $19) 33. Re1 {Inhibits Be3+.} (33. Nd1 $142) 33... Bd2 {Weighted Error Value: White=0.60/Black=0.11 (very precise)} 0-1